 Dungeon Crawl Stone Soup version 0.19.0-24-gb05acd6 (webtiles) character file.

2236 KarmaPolice the Destroyer (level 9, -3/45 HPs)
             Began as a Tengu Wizard on Nov 22, 2016.
             Was a Follower of Vehumet.
             Slain by an orc warrior
             ... wielding a +1 battleaxe of freezing
              (23 damage)
             ... on level 7 of the Dungeon.
             The game lasted 00:32:20 (11728 turns).

KarmaPolice the Destroyer (Tengu Wizard)           Turns: 11728, Time: 00:32:21

Health: -3/45      AC:  9    Str:  8    XL:     9   Next: 36%
Magic:  11/19      EV: 13    Int: 23    God:    Vehumet [*.....]
Gold:   102        SH:  0    Dex: 13    Spells: 5 memorised, 11 levels left

rFire  . . .     SeeInvis .     N - +2 spear (venom)
rCold  . . .     Gourm    +     a - +0 robe
rNeg   . . .     Faith    .     (no shield)
rPois  .         Spirit   .     b - +0 hat
rElec  .         Reflect  .     G - +0 cloak
rCorr  .         Harm     .     K - +0 pair of gloves
MR     .....                    (boots unavailable)
Stlth  ++........               v - amulet of the gourmand
                                p - +5 ring of protection
                                o - +2 ring of intelligence

@: repel missiles
A: beak, talons 3, able to fly 1
a: Fly, Renounce Religion


You were on level 7 of the Dungeon.
You worshipped Vehumet.
Vehumet was aware of your devotion.
You were completely stuffed.

You visited 2 branches of the dungeon, and saw 8 of its levels.

You collected 359 gold pieces.
You spent 257 gold pieces at shops.

Inventory:

Hand Weapons
 F - a +3 quarterstaff of chaos
 N - a +2 spear of venom (weapon)
Armour
 a - a +0 robe (worn)
 b - a +0 hat (worn)
 G - a +0 cloak (worn)
 K - a +0 pair of gloves (worn)
Magical Staves
 f - an uncursed staff of earth
Jewellery
 o - a +2 ring of intelligence (left hand)
 p - a +5 ring of protection (right hand)
 v - an amulet of the gourmand (around neck)
Wands
 q - a wand of flame (7/48)
 x - a wand of iceblast (11/15)
 L - a wand of lightning (6/15)
 Q - a wand of slowing (23/48)
Scrolls
 e - a scroll of amnesia {unknown}
 h - 3 scrolls of fog
 k - 2 scrolls of recharging
 l - 2 scrolls of teleportation
 m - 2 scrolls of magic mapping
 n - 2 scrolls of enchant armour
 s - 3 scrolls of random uselessness {unknown}
 t - 2 scrolls of identify
 y - 3 scrolls of remove curse
 E - a scroll of noise {unknown}
 H - 2 scrolls of immolation {unknown}
 M - a scroll of blinking
Potions
 i - 3 potions of brilliance
 r - 3 potions of mutation
 u - a potion of might {unknown}
 w - a potion of berserk rage {unknown}
 z - a potion of degeneration {unknown}
 B - a potion of flight {unknown}
 C - a potion of curing
 D - 2 potions of magic {unknown}
Books
 c - a book of Minor Magic

   Spells                             Type                      Level
   a - Magic Dart                     Conjuration                  1
   b - Blink                          Translocation                2
   c - Call Imp                       Summoning                    2
   d - Repel Missiles                 Charms/Air                   2
   e - Slow                           Hexes                        2
   f - Conjure Flame                  Conjuration/Fire             3
   g - Mephitic Cloud                 Conjuration/Poison/Air       3
 I - a book of Geomancy

   Spells                             Type                      Level
   a - Sandblast                      Earth                        1
   b - Passwall                       Transmutation/Earth          2
   c - Stone Arrow                    Conjuration/Earth            3
   d - Petrify                        Transmutation/Earth          4
   e - Lee's Rapid Deconstruction     Earth                        5
 J - Qeuso's Collected Works on Cold
   (You found it on level 6 of the Dungeon)

   Spells                             Type                      Level
   a - Ozocubu's Armour               Charms/Ice                   3
   b - Ice Form                       Ice/Transmutation            4
   c - Freezing Cloud                 Conjuration/Ice/Air          6
   d - Simulacrum                     Ice/Necromancy               6
 O - a book of Flames

   Spells                             Type                      Level
   a - Flame Tongue                   Conjuration/Fire             1
   b - Throw Flame                    Conjuration/Fire             2
   c - Conjure Flame                  Conjuration/Fire             3
   d - Inner Flame                    Hexes/Fire                   3
   e - Sticky Flame                   Conjuration/Fire             4
   f - Fireball                       Conjuration/Fire             5
Comestibles
 d - 3 bread rations
 g - 2 meat rations
 j - 2 slices of pizza
 A - 2 beef jerkies


   Skills:
 - Level 1.3(2.1) Polearms
 - Level 2.4(2.6) Staves
 + Level 3.2 Dodging
 - Level 2.0 Stealth
 + Level 6.4 Spellcasting
 + Level 8.0 Conjurations
 - Level 7.1 Summonings
   Level 0.7 Translocations
 + Level 5.9 Air Magic


You had 11 spell levels left.
You knew the following spells:

 Your Spells              Type           Power        Failure   Level  Hunger
a - Magic Dart            Conj           ####         1%          1    None
b - Call Imp              Summ           #####...     1%          2    None
c - Repel Missiles        Chrm/Air       ###...       3%          2    None
d - Shock                 Conj/Air       ####         1%          1    None
e - Stone Arrow           Conj/Erth      ####..       6%          3    #......


Dungeon Overview and Level Annotations

Branches:
Dungeon (7/15)             Temple (1/1) D:4

Altars:
Ashenzari
Cheibriados
Dithmenos
Elyvilon
Fedhas
Gozag
Hepliaklqana
Kikubaaqudgha
Makhleb
Nemelex Xobeh
Okawaru
Qazlal
Ru
Sif Muna
Trog
Uskayaw
Vehumet
Xom
Yredelemnul
Zin

Shops:
D:6 :[[?*


Innate Abilities, Weirdness & Mutations

You have a beak for a mouth.
You have claws for feet.
You can fly.


Message History

Your white imp gestures at the orc wizard.
The puff of frost hits the orc wizard.
The orc hits your white imp with a mace.
Your white imp hits the orc wizard but does no damage.
The orc wizard mumbles some strange words.
The orc wizard seems to speed up.
Your white imp hits the orc wizard.
Your white imp freezes the orc wizard.
The orc wizard gestures wildly while chanting.
The orc wizard gestures wildly while chanting.
Your white imp gestures at the orc wizard.
The puff of frost hits the orc wizard.
The orc wizard dies!
Vehumet accepts your kill.
Your white imp gestures at the orc.
The puff of frost hits the orc.
The orc hits your white imp but does no damage.
The orc hits your white imp with a mace.
The orc warrior hits you with a battleaxe of freezing!!
Ouch! That really hurt!
You die...

#....................#
#....................#
#....................##
#.......#######+###5...
#.......# #... #....
#######.......# #....#....
..............# #....#....
..............# #....†....
..........).@.# #....#....
.............o###########5...
....................o.......#
...................5.)......+
..................5.........#
.......#+#####..............#
...... .. #..............#
..... ...######.........# ..
........#.........#


You could see an orc warrior and a friendly crimson imp.

Vanquished Creatures
  Sigmund (D:6)
  A water moccasin (D:5)
  Duvessa (D:7)
  A sky beast (D:4)
  A centaur (D:5)
  4 bullfrogs
  A scorpion (D:6)
  A howler monkey (D:7)
  A crimson imp (D:7)
  2 hounds
  An orc wizard (D:3)
  Natasha (D:2)
  2 iguanas
  A worker ant (D:7)
  A gnoll (D:6)
  3 adders
  A shadow imp (D:6)
  A worm (D:4)
  3 dart slugs
  4 orcs
  A ball python (D:5)
  A giant cockroach (D:5)
  8 goblins
  4 hobgoblins
  A jackal (D:3)
  6 kobolds
  A quokka (D:7)
  4 bats
  3 frilled lizards
  A leopard gecko skeleton (D:6)
  6 rats
68 creatures vanquished.

Vanquished Creatures (collateral kills)
  The ghost of Erac the Conjurer, a novice HECj (D:5)
  Grinder (D:4)
  4 ogres
  A phantom (D:6)
  3 centaurs
  The ghost of dscm the Digger, an amateur OpEE (D:4)
  A gnoll sergeant (D:6)
  3 bullfrogs
  A scorpion (D:4)
  Dowan (D:7)
  A howler monkey (D:4)
  A crimson imp (D:5)
  A hound (D:6)
  2 jellies
  2 orc priests (D:5)
  A bullfrog skeleton (D:5)
  7 orc wizards
  Crazy Yiuf (D:5)
  Natasha (twice) (D:2)
  An iguana (D:6)
  A worker ant zombie (D:5)
  3 adders
  5 gnolls
  3 worms
  A dart slug (D:3)
  2 leopard geckos
  13 orcs
  3 goblins
  6 hobgoblins
  5 jackals
  3 kobolds (D:2)
  3 quokkas
  A bat (D:2)
  A frilled lizard (D:2)
  A jackal zombie (D:5)
  A quokka zombie (D:4)
  4 rats
  A plant (D:6)
93 creatures vanquished.

Grand Total: 161 creatures vanquished

Notes
Turn   | Place    | Note
-------+----------+-------------------------------------------
     0 | D:1      | KarmaPolice the Tengu Wizard began the quest for the Orb.
     0 | D:1      | Reached XP level 1. HP: 10/10 MP: 5/5
   344 | D:1      | Reached XP level 2. HP: 15/15 MP: 0/7
   357 | D:1      | Learned a level 2 spell: Call Imp
   529 | D:1      | Reached skill level 2 in Conjurations
  1076 | D:2      | Reached XP level 3. HP: 19/19 MP: 2/8
  1581 | D:2      | Noticed Natasha
  1596 | D:2      | Killed Natasha
  1929 | D:2      | Reached XP level 4. HP: 24/24 MP: 1/10
  2038 | D:2      | Noticed Natasha
  2090 | D:2      | Killed Natasha
  2510 | D:2      | Noticed Natasha
  2514 | D:2      | Killed Natasha
  2816 | D:2      | Learned a level 2 spell: Repel Missiles
  3140 | D:3      | Noticed a bullfrog
  3149 | D:3      | Killed a bullfrog
  3149 | D:3      | Reached skill level 3 in Conjurations
  3149 | D:3      | Gained mutation: You can fly. [Tengu growth]
  3149 | D:3      | Reached XP level 5. HP: 24/28 MP: 2/12
  4258 | D:4      | Noticed Grinder
  4284 | D:4      | Paralysed by Grinder for 5 turns
  4599 | D:4      | Paralysed by Grinder for 6 turns
  4600 | D:4      | Killed Grinder
  4600 | D:4      | Reached skill level 4 in Conjurations
  4600 | D:4      | Reached XP level 6. HP: 32/32 MP: 1/13
  4730 | D:4      | Found a staircase to the Ecumenical Temple.
  4769 | Temple   | Entered the Ecumenical Temple
  4813 | Temple   | Became a worshipper of Vehumet
  5424 | D:4      | Noticed a sky beast
  5454 | D:4      | Killed a sky beast
  5536 | D:4      | Found an iron altar of Okawaru.
  5612 | D:4      | Reached skill level 5 in Conjurations
  5612 | D:4      | Reached XP level 7. HP: 36/36 MP: 2/15
  5859 | D:4      | Noticed dscm's ghost (amateur OpEE)
  5876 | D:4      | Killed dscm's ghost
  6042 | D:5      | Entered Level 5 of the Dungeon
  6085 | D:5      | Noticed Erac's ghost (novice HECj)
  6099 | D:5      | Killed Erac's ghost
  6099 | D:5      | Reached skill level 5 in Spellcasting
  6099 | D:5      | Reached skill level 5 in Summonings
  6244 | D:5      | Reached skill level 1 in Air Magic
  6594 | D:5      | Reached skill level 6 in Conjurations
  7216 | D:5      | Reached * piety under Vehumet
  7216 | D:5      | Offered knowledge of Shock by Vehumet.
  7380 | D:5      | Reached XP level 8. HP: 26/41 MP: 8/17
  7622 | D:5      | Found an ancient bone altar of Kikubaaqudgha.
  8459 | D:5      | Found a runed door.
  8513 | D:5      | Reached skill level 7 in Conjurations
  8720 | D:5      | Noticed Crazy Yiuf
  8767 | D:5      | Killed Crazy Yiuf
  9017 | D:5      | Learned a level 1 spell: Shock
  9333 | D:6      | Found Xeplu's Armour Shoppe.
  9428 | D:6      | Found Iliutt's Armour Emporium.
  9442 | D:6      | Found Jaifoleamm's Magic Scroll Shop.
  9455 | D:6      | Identified Qeuso's Collected Works on Cold
  9468 | D:6      | Found Ihalo's Assorted Antiques.
  9532 | D:6      | Reached skill level 1 in Staves
  9758 | D:6      | Noticed Sigmund
  9788 | D:6      | Killed Sigmund
 10144 | D:6      | Learned a level 3 spell: Stone Arrow
 10311 | D:6      | Reached XP level 9. HP: 45/45 MP: 11/19
 10406 | D:6      | Reached skill level 5 in Air Magic
 10485 | D:6      | Found Umiotaipti's Book Shoppe.
 10753 | D:6      | Bought a scroll of remove curse for 33 gold pieces
 10753 | D:6      | Bought a scroll of enchant armour for 82 gold pieces
 10753 | D:6      | Bought a scroll of magic mapping for 38 gold pieces
 10753 | D:6      | Bought a scroll of blinking for 82 gold pieces
 10753 | D:6      | Bought a scroll of identify for 22 gold pieces
 11211 | D:7      | Found a shimmering altar of Xom.
 11422 | D:7      | Reached skill level 1 in Polearms
 11553 | D:7      | Noticed Duvessa
 11553 | D:7      | Noticed Dowan
 11561 | D:7      | Killed Dowan
 11598 | D:7      | Killed Duvessa
 11598 | D:7      | Reached skill level 8 in Conjurations
 11728 | D:7      | Slain by an orc warrior

Skill      XL: |  1  2  3  4  5  6  7  8  9 |
---------------+----------------------------+-----
Conjurations   | 2 3 4 5 6 7 8 |  8.0
Summonings     | 2 3 4 5 6 7 |  7.1
Spellcasting   | 4 5 6 |  6.4
Air Magic      | 2 4 5 |  5.9
Staves         | 2 |  2.4
Polearms       | 1 |  1.3
Dodging        | 3 |  3.2
Stealth        | |  2.0
Translocations | |  0.7

Action                   |  1- 3 |  4- 6 |  7- 9 || total
-------------------------+-------+-------+-------++-------
Melee: Unarmed           |    50 |    39 |    36 ||   125
       Peck              |     4 |     4 |    17 ||    25
       Kick              |     6 |     9 |    28 ||    43
       Quarterstaff      |       |       |    25 ||    25
       Spear             |       |       |    91 ||    91
 Cast: Magic Dart        |    40 |    39 |    47 ||   126
       Call Imp          |    24 |   104 |   217 ||   345
       Repel Missiles    |       |       |     1 ||     1
       Shock             |       |       |     1 ||     1
 Abil: Fly               |       |     1 |       ||     1
Evoke: Wand              |       |       |     2 ||     2
  Use: Potion            |       |     1 |     6 ||     7
       Scroll            |       |       |     9 ||     9
 Stab: Sleeping          |       |       |     3 ||     3
       Distracted        |       |       |     2 ||     2
  Eat: Chunk             |     4 |     9 |    26 ||    39
       Bread ration      |       |     1 |       ||     1
       Beef jerky        |       |     1 |       ||     1
Armor: Robe              |    10 |    16 |    35 ||    61
Dodge: Dodged            |    58 |    48 |    95 ||   201
       Deflected         |       |       |     3 ||     3
